 Dungeon Crawl Stone Soup version 0.17-a0-1945-gfe993df (webtiles) character file.

233 Kusio the Ruffian (level 5, -3/50 HPs)
             Began as a Troll Monk on Oct 1, 2015.
             Slain by Menkaure (18 damage)
             ... on level 4 of the Dungeon.
             The game lasted 00:04:47 (2089 turns).

Kusio the Ruffian (Troll Monk)                      Turns: 2089, Time: 00:04:47

Health: -3/50      AC:  9    Str: 19    XL:     5   Next: 74%
Magic:  4/4        EV: 10    Int:  6    God:
Gold:   135        SH:  0    Dex: 13    Spells: 0 memorised, 4 levels left

rFire  . . .     SeeInvis .       - Unarmed
rCold  . . .     Clarity  +     k - +2 robe {MR+}
rNeg   . . .     SustAt   .     (no shield)
rPois  .         Gourm    +     (helmet restricted)
rElec  .         Spirit   .     (no cloak)
rCorr  .         Warding  .     (gloves unavailable)
rMut   .         Stasis   .     (boots unavailable)
MR     +....                    j - amulet of clarity
Stlth  +.........               (no ring)
                                h - +2 ring of protection

@: somewhat resistant to hostile enchantments, very unstealthy
A: unfitting armour, claws 3, fast metabolism 3, gourmand, regeneration 2,
shaggy fur 1, tough skin 2
a: no special abilities


You were on level 4 of the Dungeon.
You were full.

You visited 1 branch of the dungeon, and saw 4 of its levels.

You collected 135 gold pieces.

Inventory:

Armour
 k - a +2 robe of magic resistance (worn)
Jewellery
 h - a +2 ring of protection (left claw)
 j - an amulet of clarity (around neck)
Scrolls
 c - 4 scrolls of identify {unknown}
 d - 3 scrolls of remove curse {unknown}
 e - a scroll of enchant armour {unknown}
 i - a scroll of blinking {unknown}
 n - a scroll of recharging {unknown}
 t - a scroll of fog {unknown}
Potions
 a - a potion of brilliance {unknown}
 f - a potion of invisibility {unknown}
 l - a potion of berserk rage {unknown}
 o - a potion of curing {unknown}
 q - a potion of lignification {unknown}
 s - a potion of cancellation {unknown}
Comestibles
 b - 4 bread rations
 g - 3 meat rations
 p - a beef jerky
 r - a slice of pizza


   Skills:
 - Level 2.4 Fighting
 - Level 2.4 Dodging
 - Level 1.1 Stealth
 + Level 7.1 Unarmed Combat


You had 4 spell levels left.
You didn't know any spells.

Dungeon Overview and Level Annotations

Branches:
Dungeon (4/15)
 Temple: D:4-7

Altars:
Nemelex Xobeh
Sif Muna

Annotations:
D:4 Menkaure


Innate Abilities, Weirdness & Mutations

You are too large for most types of armour.
You have claws for hands.
Your metabolism is lightning-fast.
You like to eat raw meat.
You heal very quickly.
You are covered in fur (AC +1).
You have very tough skin (AC +2).


Message History

Menkaure hits you!
Found 2 fruits.
You see here 24 stones.
You claw Menkaure!
Menkaure is severely damaged.
Menkaure calls on the powers of darkness!
Your body is wracked with pain!
The worker ant convulses!
You scratch Menkaure. You claw Menkaure.
Menkaure is severely damaged.
Menkaure closely misses you.
You barely miss Menkaure.
Menkaure is severely damaged.
Menkaure casts a spell at you. You resist with some effort.
You scratch Menkaure.
Menkaure is almost destroyed.
Menkaure hits you.
* * * LOW HITPOINT WARNING * * *
Menkaure hits you!!
You die...

... ...
######..% ....
#......#. #..
.........
.##..###........
.......#........
.........M......
.......a@.......
$...............
.......<.......#
...............#
..#......###...#
#........# .###
...>###.## #
...# #.# ..? #..


You could see Menkaure and a worker ant.

Vanquished Creatures
  The ghost of Kusio the Cudgeler, an average OgHu of Gozag (D:3)
  Jessica (D:2)
  3 adders
  4 oozes
  A worm (D:2)
  A giant gecko (D:3)
  2 orcs (D:3)
  12 goblins
  5 hobgoblins
  3 jackals (D:1)
  9 kobolds
  A ball python (D:2)
  10 bats
  A giant cockroach (D:2)
  4 giant newts
  3 quokkas
  6 rats
67 creatures vanquished.

Notes
Turn   | Place    | Note
--------------------------------------------------------------
     0 | D:1      | Kusio the Troll Monk began the quest for the Orb.
     0 | D:1      | Reached XP level 1. HP: 22/22 MP: 0/0
   132 | D:1      | Reached XP level 2. HP: 29/29 MP: 1/1
   690 | D:2      | Found a sparkling altar of Nemelex Xobeh.
   764 | D:2      | Reached skill level 5 in Unarmed Combat
   811 | D:2      | Reached XP level 3. HP: 36/36 MP: 2/2
   990 | D:2      | Noticed Jessica
   999 | D:2      | Killed Jessica
  1069 | D:2      | Reached XP level 4. HP: 39/44 MP: 3/3
  1599 | D:3      | Noticed Kusio's ghost (average OgHu)
  1698 | D:3      | Killed Kusio's ghost
  1698 | D:3      | Reached skill level 6 in Unarmed Combat
  1698 | D:3      | Reached XP level 5. HP: 36/50 MP: 4/4
  1750 | D:3      | Found a deep blue altar of Sif Muna.
  1796 | D:3      | Reached skill level 7 in Unarmed Combat
  2082 | D:4      | Noticed Menkaure
  2089 | D:4      | Slain by Menkaure

Vault maps used:
D:1:      dpeg_arrival_tiny_k, bh_walls_and_bars
D:2:      nemelex_xobeh_ov_fountains_minmay, first_bread, uniq_jessica
D:3:      old_standard_altar, minmay_cupped
D:4:      lemuel_coloured_pillars_altar, uniq_menkaure

Action                   |  1- 3 |  4- 6 || total
-------------------------+-------+-------++-------
Melee: Unarmed           |    84 |   102 ||   186
 Stab: Sleeping          |     2 |     1 ||     3
  Eat: Chunk             |    15 |     6 ||    21
